 Dungeon Crawl Stone Soup version 0.23.0 (webtiles) character file.

Game seed: 12080506423381318019

159 Kairos the Charmwright (level 5, -5/43 HPs)
             Began as a Gnoll Skald on Feb 15, 2019.
             Slain by Duvessa
             ... wielding a +3 short sword of protection
              (9 damage)
             ... on level 4 of the Dungeon.
             The game lasted 00:04:32 (1670 turns).

Kairos the Charmwright (Gnoll Skald)                Turns: 1670, Time: 00:04:33

Health: -5/43      AC:  6    Str: 15    XL:     5   Next: 40%
Magic:  10/12      EV: 14    Int: 15    God:
Gold:   92         SH:  0    Dex: 17    Spells: 13/14 levels left

rFire    . . .     SeeInvis .   a - +0 spear
rCold    . . .     Gourm    .   (no shield)
rNeg     . . .     Faith    .   b - +0 leather armour
rPois    .         Spirit   .   l - +0 helmet
rElec    .         Reflect  .   (no cloak)
rCorr    .         Harm     .   f - +0 pair of gloves {Dex+3}
MR       .....                  r - +0 pair of boots
Stlth    ++........             (no amulet)
HPRegen  0.14/turn              (no ring)
MPRegen  0.13/turn              (no ring)

@: infused
A: distributed training, fangs 1, strong nose
a: no special abilities


You were on level 4 of the Dungeon.
You were near starving.

You visited 1 branch of the dungeon, and saw 3 of its levels.

You collected 92 gold pieces.

Inventory:

Hand Weapons
 a - a +0 spear (weapon)
Missiles
 h - 31 sling bullets
Armour
 b - a +0 leather armour (worn)
 f - a +0 pair of gloves of dexterity (worn)
 l - a +0 helmet (worn)
 r - a +0 pair of boots (worn)
Scrolls
 c - a scroll of magic mapping {unknown}
 e - 2 scrolls of fear
 g - a scroll of amnesia {unknown}
 k - a scroll of teleportation {unknown}
 m - 4 scrolls of identify {unknown}
 n - a scroll of remove curse {unknown}
 o - a scroll of fog {unknown}
Potions
 i - a potion of curing {unknown}
 j - a potion of haste {unknown}
 p - a potion of agility {unknown}
 q - a potion of berserk rage {unknown}
Comestibles
 d - 4 rations


   Skills:
 + Level 4.7 Fighting
 + Level 1.4 Short Blades
 + Level 1.4 Long Blades
 + Level 1.4 Axes
 + Level 1.4 Maces & Flails
 + Level 4.7 Polearms
 + Level 1.4 Staves
 + Level 1.4 Slings
 + Level 1.4 Bows
 + Level 1.4 Crossbows
 + Level 1.4 Throwing
 + Level 2.9 Armour
 + Level 4.7 Dodging
 + Level 1.4 Stealth
 + Level 1.4 Shields
 + Level 1.4 Unarmed Combat
 + Level 5.2 Spellcasting
 + Level 1.1 Conjurations
 + Level 1.1 Hexes
 + Level 5.5 Charms
 + Level 1.1 Summonings
 + Level 1.1 Necromancy
 + Level 1.1 Translocations
 + Level 1.1 Transmutations
 + Level 1.1 Fire Magic
 + Level 1.1 Ice Magic
 + Level 1.1 Air Magic
 + Level 1.1 Earth Magic
 + Level 1.1 Poison Magic
 + Level 1.6 Invocations
 + Level 1.4 Evocations


You had 13 spell levels left.
You knew the following spells:

 Your Spells              Type           Power        Failure   Level  Hunger
a - Infusion              Chrm           ###.         1%          1    None

Your spell library contained the following spells:

 Spells                   Type           Power        Failure   Level  Hunger
 Song of Slaying          Chrm           ###.....     3%          2    ##.....
 Shroud of Golubria       Chrm/Tloc      ##........   8%          2    ##.....
 Regeneration             Chrm/Necr      ##........   16%         3    ###....
 Spectral Weapon          Hex/Chrm       ##......     16%         3    ###....


Dungeon Overview and Level Annotations

Branches:
Dungeon (2/15)

Altars:
Qazlal

Annotations:
D:4 Duvessa, Ijyb


Innate Abilities, Weirdness & Mutations

Your experience applies equally to all skills.
You have very sharp teeth.
Your uncanny sense of smell can sniff out nearby items.


Message History

You begin infusing your attacks with magical energy.
The giant cockroach barely misses you. Duvessa hits you but does no damage.
You completely miss Duvessa. You bite Duvessa, but do no damage.
Duvessa is heavily wounded.
The giant cockroach barely misses you.
Duvessa hits you with a +3 short sword of protection.
* * * LOW HITPOINT WARNING * * *
You hit Duvessa.
Duvessa is heavily wounded.
The giant cockroach bites you but does no damage.
Duvessa hits you with a +3 short sword of protection!
* * * LOW HITPOINT WARNING * * *
You hit Duvessa.
Duvessa is heavily wounded.
The giant cockroach closely misses you.
You hit Duvessa but do no damage.
Duvessa is heavily wounded.
The giant cockroach barely misses you.
Duvessa hits you with a +3 short sword of protection!
You die...

.. . ##... .
..... ...# #.e#
#<.# ## ##..# #
.# #...######.##
.# #.#..gSe@ss.#
.#
#...######......
.#
##..............
.# #.########
#### .# #.# .#
#.# e# #)# .###
#.# ...# #)#


You could see Duvessa, Ijyb, a scorpion, a giant cockroach and a ball python.

Vanquished Creatures
  Dowan (D:4)
  A hound skeleton (D:4)
  A gnoll (D:1)
  2 adders (D:2)
  2 oozes (D:1)
  2 dart slugs (D:1)
  3 leopard geckos
  3 orcs (D:4)
  3 giant cockroaches (D:1)
  3 goblins
  7 hobgoblins
  3 jackals
  4 kobolds (D:1)
  A quokka (D:2)
  A ball python (D:1)
  7 bats
  2 frilled lizards (D:1)
  A jackal skeleton (D:4)
  2 rats (D:1)
49 creatures vanquished.

Notes
Turn   | Place    | Note
-------+----------+-------------------------------------------
     0 | D:1      | Kairos the Gnoll Skald began the quest for the Orb.
     0 | D:1      | Reached XP level 1. HP: 20/20 MP: 6/6
   121 | D:1      | Reached XP level 2. HP: 17/26 MP: 7/7
   343 | D:1      | Reached XP level 3. HP: 11/31 MP: 9/9
   550 | D:1      | Reached skill level 5 in Spellcasting
   659 | D:1      | Reached skill level 1 in Invocations
   900 | D:1      | Reached skill level 1 in Short Blades
   900 | D:1      | Reached skill level 1 in Long Blades
   900 | D:1      | Reached skill level 1 in Axes
   900 | D:1      | Reached skill level 1 in Maces & Flails
   900 | D:1      | Reached skill level 1 in Staves
   900 | D:1      | Reached skill level 1 in Slings
   900 | D:1      | Reached skill level 1 in Bows
   900 | D:1      | Reached skill level 1 in Crossbows
   900 | D:1      | Reached skill level 1 in Throwing
   900 | D:1      | Reached skill level 1 in Stealth
   900 | D:1      | Reached skill level 1 in Shields
   900 | D:1      | Reached skill level 1 in Unarmed Combat
   900 | D:1      | Reached skill level 1 in Evocations
  1089 | D:2      | Found a stormy altar of Qazlal.
  1136 | D:2      | Reached XP level 4. HP: 38/38 MP: 11/11
  1412 | D:2      | You fall through a shaft for 2 floors!
  1424 | D:4      | Noticed Dowan
  1479 | D:4      | Killed Dowan
  1479 | D:4      | Reached skill level 1 in Conjurations
  1479 | D:4      | Reached skill level 1 in Hexes
  1479 | D:4      | Reached skill level 1 in Summonings
  1479 | D:4      | Reached skill level 1 in Necromancy
  1479 | D:4      | Reached skill level 1 in Translocations
  1479 | D:4      | Reached skill level 1 in Transmutations
  1479 | D:4      | Reached skill level 1 in Fire Magic
  1479 | D:4      | Reached skill level 1 in Ice Magic
  1479 | D:4      | Reached skill level 1 in Air Magic
  1479 | D:4      | Reached skill level 1 in Earth Magic
  1479 | D:4      | Reached skill level 1 in Poison Magic
  1479 | D:4      | Reached XP level 5. HP: 23/43 MP: 12/12
  1587 | D:4      | Noticed Ijyb
  1613 | D:4      | Noticed Duvessa
  1670 | D:4      | Slain by Duvessa

Skill      XL: |  1  2  3  4 |
---------------+-------------+-----
Spellcasting   | 5 |  5.2
Invocations    | 1 |  1.6
Short Blades   | 1 |  1.4
Long Blades    | 1 |  1.4
Axes           | 1 |  1.4
Maces & Flails | 1 |  1.4
Staves         | 1 |  1.4
Slings         | 1 |  1.4
Bows           | 1 |  1.4
Crossbows      | 1 |  1.4
Throwing       | 1 |  1.4
Stealth        | 1 |  1.4
Shields        | 1 |  1.4
Unarmed Combat | 1 |  1.4
Evocations     | 1 |  1.4
Conjurations   | 1 |  1.1
Hexes          | 1 |  1.1
Summonings     | 1 |  1.1
Necromancy     | 1 |  1.1
Translocations | 1 |  1.1
Transmutations | 1 |  1.1
Fire Magic     | 1 |  1.1
Ice Magic      | 1 |  1.1
Air Magic      | 1 |  1.1
Earth Magic    | 1 |  1.1
Poison Magic   | 1 |  1.1
Fighting       | |  4.7
Polearms       | |  4.7
Armour         | |  2.9
Dodging        | |  4.7
Charms         | |  5.5

Action                   |  1- 3 |  4- 6 || total
-------------------------+-------+-------++-------
Melee: Spear             |   142 |   101 ||   243
       Bite              |    14 |    15 ||    29
       Punch             |       |     1 ||     1
 Cast: Infusion          |     1 |     1 ||     2
  Use: Scroll            |     1 |       ||     1
 Stab: Sleeping          |     4 |     1 ||     5
  Eat: Chunk             |       |     1 ||     1
Armor: Leather armour    |    25 |    35 ||    60
Dodge: Dodged            |    81 |    89 ||   170
